 Dungeon Crawl Stone Soup version 0.28.0-43-g3370ac3207 (webtiles) character file.

Game seed: 306661363790677730

8026 KamiKatze the Thaumaturge (level 11, -46/84 HPs)
             Began as a Djinni Conjurer on Mar 1, 2022.
             Was a Priest of Makhleb.
             Annihilated by a boulder beetle (56 damage)
             ... on level 12 of the Dungeon.
             The game lasted 00:43:26 (7568 turns).

KamiKatze the Thaumaturge (Djinni Conjurer)         Turns: 7568, Time: 00:43:26

Health: -46/84     AC:  8    Str: 18    XL:     11   Next: 48%
Gold:   405        EV: 13    Int: 24    God:    Makhleb [***...] SH:  0 Dex: 16

rFire   + + .      SeeInvis .   K - +6 hand axe "Zeomp" {flame, Will+ Str+6 Dex+4}
rCold   + . .      Faith    .   (no shield)
rNeg    . . .      Spirit   .   q - +2 robe {rC+}
rPois   ∞          Reflect  .   y - +0 helmet
rElec   .          Harm     .   u - +1 cloak
rCorr   .          Rampage  .   s - +0 pair of gloves
Will    ++...                   (boots unavailable)
Stlth   ++........              (no amulet)
HPRegen 0.24/turn               E - ring of protection from cold
MPRegen 0.00/turn               F - +6 ring of strength

@: flying, studying Spellcasting
A: sickness immunity, fire resistance 2, cold vulnerability 1, float, innate
caster, HP casting, extra vitality 1
a: Renounce Religion, Minor Destruction, Lesser Servant of Makhleb


You were on level 12 of the Dungeon.
You worshipped Makhleb.
Makhleb was most pleased with you.
You visited 2 branches of the dungeon, and saw 13 of its levels.

You collected 515 gold pieces.
You spent 110 gold pieces at shops.

Inventory:

Hand Weapons
 a - a +2 dagger of venom
 b - a +4 spear of flaming
 K - the +6 hand axe "Zeomp" (weapon) {flame, Will+ Str+6 Dex+4}
   (You found it on level 7 of the Dungeon)

   It burns those it strikes, dealing additional fire damage.
   Big, fiery blades are also staple armaments of hydra-hunters.
   Str:       It affects your strength (+6).
   Dex:       It affects your dexterity (+4).
   Will:      It increases your willpower.
 L - the +9 spear of the Shimmering Owl {chaos, rC++ Will+ Int+3 Dex-2}
   (You took it off a wight on level 8 of the Dungeon)

   Each time it hits an enemy it has a different, random effect.
   Int:       It affects your intelligence (+3).
   Dex:       It affects your dexterity (-2).
   rC:        It greatly protects you from cold.
   Will:      It increases your willpower.
Missiles
 e - 7 poisoned darts
 g - 220 stones (quivered)
 x - a throwing net
Armour
 d - the +0 ring mail of Fedhas's Approval {rPois rC++ rN+ Str-2}
   (You found it on level 3 of the Dungeon)

   Str:       It affects your strength (-2).
   rC:        It greatly protects you from cold.
   rPois:     It protects you from poison.
   rN:        It protects you from negative energy.
 q - a +2 robe of cold resistance (worn)
 s - a +0 pair of gloves (worn)
 u - a +1 cloak (worn)
 y - a +0 helmet (worn)
Magical Staves
 B - a staff of cold
 C - a staff of earth
Jewellery
 j - a ring of fire
 E - a ring of protection from cold (left hand)
 F - a +6 ring of strength (right hand)
Wands
 f - a wand of iceblast (7)
 p - a wand of flame (73)
 r - a wand of digging (2)
 z - a wand of polymorph (7)
Scrolls
 h - 2 scrolls of fog
 i - a scroll of teleportation
 m - a scroll of immolation
 n - a scroll of magic mapping
 w - a scroll of acquirement
 A - 4 scrolls of enchant armour
Potions
 c - 2 potions of heal wounds
 k - a potion of attraction
 l - a potion of might
 o - 5 potions of curing
 t - a potion of mutation {unknown}
 v - a potion of cancellation {unknown}
 D - 3 potions of lignification {unknown}
 G - a potion of haste {unknown}
 H - a potion of berserk rage {unknown}
 I - a potion of resistance {unknown}


   Skills:
 + Level 9.0 Fighting
 - Level 3.0 Dodging
 - Level 2.0 Stealth
 * Level 10.9 Spellcasting
 + Level 6.5 Invocations


You had 4 spell levels left.
You knew the following spells:

 Your Spells              Type           Power      Damage    Failure   Level
a - Magic Dart            Conj           100%       1d8       1%          1
b - Searing Ray           Conj           100%       2d8       1%          2
c - Fulminant Prism       Conj/Hex       30%        3d16      1%          4
d - Iskenderun's Mystic   Conj/Tloc      60%        2d13      1%          4
e - Mephitic Cloud        Conj/Pois/Air  60%        N/A       1%          3
f - Summon Guardian Gole  Hex/Summ       60%        N/A       1%          3
g - Cause Fear            Hex            30%        N/A       1%          4
w - Passwall              Tmut/Erth      50%        N/A       1%          2
X - Dazzling Flash        Conj/Hex       100%       N/A       1%          3
Z - Beastly Appendage     Tmut           100%       N/A       1%          1
Your spell library was empty.

Dungeon Overview and Level Annotations

Branches:
Dungeon (13/15)            Temple (1/1) D:4            Lair (0/6) D:8
    Orc: D:9-12      Vaults: D:13-14

Altars:
Ashenzari
Cheibriados
Dithmenos
Elyvilon
Fedhas
Gozag
Hepliaklqana
Kikubaaqudgha
Makhleb
Nemelex Xobeh
Okawaru
Qazlal
Ru
Sif Muna
Trog
Uskayaw
Vehumet
Wu Jian
Xom
Yredelemnul
Zin
The Shining One

Shops:
D:5 !!:?   D:9 [*[(

Annotations:
D:3 2 transporters, maissbert's ghost, amateur HuCj


Innate Abilities, Weirdness & Mutations

You are immune to sickness and miasma.
You are immune to poison.
Your flesh is very heat resistant. (rF++)
You are vulnerable to cold. (rC-)
You float through the air rather than walking.
You learn spells naturally, not from books.
Your magical power is your life essence.
You have superior vitality. (+4 MHP)


Message History

You kill the centaur!
Makhleb accepts your kill.
You feel better.
* * * LOW HITPOINT WARNING * * *
Your Fighting skill increases to level 9!
Unknown command.
Things that are here:
a +0 shortbow; 19 arrows; a centaur corpse You reach down and open the door.
Found 23 stones.
There is an open door here.
Casting: Iskenderun's Mystic Blast (mildly dangerous; 1% risk of failure)
Confirm with . or Enter, or press ? or * to list all spells.
You erupt in a blast of force!
The mystic blast hits the white ugly thing!
The white ugly thing is severely wounded.
The white ugly thing is knocked back by the mystic blast.
* * * LOW HITPOINT WARNING * * *
Found 16 gold pieces.
You reach down and close the door.
Found a scroll of immolation.
A boulder beetle comes into view.
The white ugly thing tail-slaps you!
* * * LOW HITPOINT WARNING * * *
The white ugly thing freezes you. You resist.
* * * LOW HITPOINT WARNING * * *
The white ugly thing tail-slaps you but does no damage.
The boulder beetle curls into a ball and begins rolling!
Casting: Iskenderun's Mystic Blast (mildly dangerous; 1% risk of failure)
Confirm with . or Enter, or press ? or * to list all spells.
You erupt in a blast of force!
The mystic blast hits the boulder beetle but does no damage.
The mystic blast hits the white ugly thing!
The white ugly thing is almost dead.
The white ugly thing is knocked back by the mystic blast.
* * * LOW HITPOINT WARNING * * *
You hear a shout!
The boulder beetle hits you!!!
Ouch! That really hurt!
You die...

,,,,*,,,,,**,,,#....+/u.)...#####
,,,,*,,,,,*,,,,#....#).)........#
,,,,***+****,,,#....#..##.......#
,,,,,,,,,,,****#u...#..##..######
,,,,,,,,,,,* #....#..##..#,,,,,
,,,,,,,,,,,* #°...'...#..#,,,,,
,,,,,,,,,,,* #.°..#...#..+,,,,,
,,,,,,,,,..#####.B..#...#..#,,,,,
*********#......@...+...+..#,,,,,
,,,,,,,,,#..........#..##..#,,,,,
,,,,,,,,,+..........#***#..#,,,,*
,,,**,,**#............,,#..#,,,,*
,,,*****,...#+##........+>.#,,,,+
,,,,,,,*,...*,,+........##+#,,,,*
,,^,,,,*,..>*,,#........,,,,,****
,,,,,,,*,,,,*,,#........,,,,,*,,,
,,,,,,,*,,,,*,,*,,,,,,,,,,,,,*,,,


You could see a boulder beetle (rolling) and a white ugly thing.

Vanquished Creatures
  Harold (D:10)
  A two-headed ogre (D:9)
  A deep elf pyromancer (D:9)
  4 gargoyles (D:7)
  A kobold demonologist (D:9)
  An unseen horror (D:13)
  A troll (D:9)
  2 hornets (D:9)
  A meliai zombie (D:7)
  A wraith (D:9)
  A hornet zombie (D:5)
  2 orc warriors (D:8)
  An ice beast (D:7)
  A black bear (D:6)
  3 sky beasts
  3 ogres
  5 centaurs
  2 phantoms
  2 scorpions
  2 bullfrogs (D:8)
  A wyvern zombie (D:8)
  A wyvern skeleton (D:7)
  11 wights
  10 killer bees
  A howler monkey (D:7)
  2 centaur zombies (D:8)
  A bullfrog zombie (D:6)
  2 centaur skeletons
  2 jellies (D:7)
  2 hounds
  An orc priest (D:8)
  5 iguanas
  Jessica (D:3)
  A gnoll shaman (D:7)
  Crazy Yiuf (D:3)
  10 orc wizards
  A hound skeleton (D:4)
  A howler monkey zombie (D:8)
  A howler monkey skeleton (D:7)
  5 gnolls (D:7)
  4 adders
  An ufetubus (D:5)
  2 worms (D:2)
  15 orcs
  6 bats
  5 endoplasms
  2 giant cockroaches (D:1)
  A hobgoblin (D:1)
  6 kobolds
  3 quokkas
  5 ball pythons
  11 frilled lizards
  7 goblins
  8 rats
172 creatures vanquished.

Vanquished Creatures (others)
  98 fulminant prisms
  A fungus (D:3)
  10 plants
109 creatures vanquished.

Grand Total: 281 creatures vanquished

Notes
Turn   | Place    | Note
-------+----------+-------------------------------------------
     0 | D:1      | KamiKatze the Djinni Conjurer began the quest for the Orb.
     0 | D:1      | Reached XP level 1. HP: 15/15 MP: 0/0
   176 | D:1      | Reached XP level 2. HP: 12/22 MP: 0/0
   608 | D:1      | Reached XP level 3. HP: 21/26 MP: 0/0
   608 | D:1      | Learned a level 1 spell: Beastly Appendage
   967 | D:1      | Found a faded altar of an unknown god.
  1052 | D:2      | Reached skill level 1 in Fighting
  1235 | D:2      | Reached XP level 4. HP: 25/32 MP: 0/0
  1792 | D:3      | Found a transporter.
  1803 | D:3      | Noticed maissbert's ghost (amateur HuCj)
  1895 | D:3      | Noticed Jessica
  1900 | D:3      | Killed Jessica
  1902 | D:3      | Found a transporter.
  1939 | D:3      | Reached skill level 4 in Spellcasting
  1944 | D:3      | Identified the +0 ring mail of Fedhas's Approval {rPois
                  | rC++ rN+ Str-2}
  2062 | D:3      | Reached XP level 5. HP: 36/38 MP: 0/0
  2062 | D:3      | Learned a level 2 spell: Passwall
  2269 | D:3      | Found a runed translucent door.
  2270 | D:3      | Noticed Crazy Yiuf
  2277 | D:3      | Killed Crazy Yiuf
  2637 | D:4      | Found a staircase to the Ecumenical Temple.
  2644 | Temple   | Entered the Ecumenical Temple
  2735 | Temple   | Became a worshipper of Makhleb the Destroyer
  2766 | D:4      | Identified the +8 hunting sling "Qywymer" {flame, +Blink
                  | rF++ Str+2 Int+2}
  2786 | D:4      | Noticed an ogre
  2793 | D:4      | Killed an ogre
  2794 | D:4      | Reached XP level 6. HP: 37/45 MP: 0/0
  3180 | D:5      | Entered Level 5 of the Dungeon
  3213 | D:5      | Found Waeprim's Magic Scroll Emporium.
  3227 | D:5      | Reached skill level 5 in Spellcasting
  3227 | D:5      | Reached XP level 7. HP: 32/50 MP: 0/0
  3227 | D:5      | Learned a level 3 spell: Mephitic Cloud
  3240 | D:5      | Bought a scroll of identify for 26 gold pieces
  3240 | D:5      | Bought a scroll of magic mapping for 45 gold pieces
  3240 | D:5      | Bought a scroll of teleportation for 39 gold pieces
  3316 | D:5      | Found Qyzadoun's Distillery.
  3424 | D:5      | Found Moadeg's Book Shoppe.
  3464 | D:5      | Reached skill level 6 in Spellcasting
  3464 | D:5      | Reached XP level 8. HP: 33/58 MP: 0/0
  3809 | D:5      | Found Plog's Distillery.
  4070 | D:6      | Reached * piety under Makhleb
  4071 | D:6      | Reached skill level 5 in Fighting
  4322 | D:6      | Reached skill level 7 in Spellcasting
  4365 | D:6      | Reached XP level 9. HP: 37/66 MP: 0/0
  4365 | D:6      | Learned a level 3 spell: Summon Guardian Golem
  4720 | D:7      | Reached skill level 1 in Invocations
  4871 | D:7      | Reached skill level 8 in Spellcasting
  4902 | D:7      | Noticed a gargoyle
  4902 | D:7      | Noticed a gargoyle
  4902 | D:7      | Noticed a gargoyle
  4931 | D:7      | Found a bloodstained altar of Trog.
  5010 | D:7      | Killed a gargoyle
  5081 | D:7      | Killed a gargoyle
  5082 | D:7      | Reached XP level 10. HP: 42/75 MP: 0/0
  5089 | D:7      | Killed a gargoyle
  5127 | D:7      | Noticed a gargoyle
  5133 | D:7      | Killed a gargoyle
  5133 | D:7      | Reached ** piety under Makhleb
  5333 | D:7      | Identified the +6 hand axe "Zeomp" {flame, Will+ Str+6
                  | Dex+4}
  5538 | D:8      | Reached skill level 9 in Spellcasting
  5572 | D:8      | Identified the +9 spear of the Shimmering Owl {chaos, rC++
                  | Will+ Int+3 Dex-2}
  5800 | D:7      | Identified a scroll of acquirement
  5864 | D:8      | Reached skill level 5 in Invocations
  6307 | D:8      | Found a staircase to the Lair.
  6532 | D:9      | Noticed a deep elf pyromancer
  6562 | D:9      | Killed a deep elf pyromancer
  6697 | D:9      | Reached XP level 11. HP: 76/81 MP: 0/0
  6697 | D:9      | Learned a level 4 spell: Cause Fear
  6707 | D:9      | Noticed a two-headed ogre
  6718 | D:9      | Killed a two-headed ogre
  6822 | D:9      | Acquired a manual of Spellcasting
  6889 | D:9      | Reached skill level 10 in Spellcasting
  6928 | D:9      | Found Giverar's Antique Armour Shop.
  6928 | D:9      | Found Tyonuirr's Antique Weapon Shop.
  6933 | D:9      | Found Ireedduq's Antique Armour Shop.
  6933 | D:9      | Found Lyugur's General Store.
  6964 | D:9      | Reached *** piety under Makhleb
  7317 | D:10     | Entered Level 10 of the Dungeon
  7326 | D:10     | Noticed Harold
  7350 | D:10     | Killed Harold
  7405 | D:10     | You are sucked into a shaft and drop 3 floors!
  7481 | D:13     | Noticed a green ugly thing
  7491 | D:13     | Noticed a white ugly thing
  7557 | D:12     | Noticed a boulder beetle
  7568 | D:12     | Annihilated by a boulder beetle

Illustrated notes

Levels and vault maps discovered:
D:1:      wander_arrival_fairy_ring, layout_basic,
          hellmonk_ecumenical_altar_prayer_group,
          hangedman_abyss_or_decor_lesser_grid, serial_bayou_pond_d
D:2:      layout_loops_ring, basic_altar, serial_bayou_crossing
D:3:      layout_rooms, gammafunk_ghost_arena, uniq_crazy_yiuf_cottage,
          uniq_jessica
D:4:      layout_rooms, minmay_temple_entry_mini_moons
D:5:      layout_cave_pools, serial_shops, shop, shop, shop, shop
D:6:      layout_cave_pools, minmay_lizard_king
D:7:      cheibrodos_statue_roulette, layout_rooms,
          mainiacjoe_overflow_boulevard, minmay_tree_intersection
D:8:      layout_loops_cross, lair_entry_dummy
D:9:      layout_basic, mrwooster_statue_mirror, minmay_shop_grid_forest,
          guppyfry_early_elven_hall
D:10:     layout_long_grid, erik_orc_3, uniq_erolcha, uniq_harold
D:12:     layout_gridville
D:13:     layout_irregular_city, erik_vaults_1
Temple:   nicolae_temple_the_god_donut

Skill      XL: |  1  2  3  4  5  6  7  8  9 10 11 |
---------------+----------------------------------+-----
Stealth        | 2 |  2.0
Fighting       | 1 2 3 4 5 7 8 9 |  9.0
Dodging        | 3 |  3.0
Spellcasting   | 4 5 6 7 8 9 10 | 10.9
Invocations    | 3 5 6 |  6.5

Action                   |  1- 3 |  4- 6 |  7- 9 | 10-12 || total
-------------------------+-------+-------+-------+-------++-------
Melee: Mace              |     6 |       |       |       ||     6
       Dagger            |       |     5 |     7 |       ||    12
Throw: Stone             |     3 |       |       |       ||     3
 Cast: Magic Dart        |    59 |    24 |    16 |     3 ||   102
       Searing Ray       |     3 |    15 |     9 |    11 ||    38
       Fulminant Prism   |       |     4 |    44 |    50 ||    98
       Dazzling Flash    |       |     1 |       |       ||     1
       Iskenderun's Myst |       |     2 |     7 |    21 ||    30
       Mephitic Cloud    |       |       |     1 |     2 ||     3
       Summon Guardian G |       |       |       |     2 ||     2
       Cause Fear        |       |       |       |     1 ||     1
  Use: Scroll            |       |       |     6 |    13 ||    19
       Potion            |       |       |     1 |       ||     1
 Stab: Confused          |       |       |     1 |       ||     1
Armor: Robe              |       |     1 |     5 |     8 ||    14
Dodge: Dodged            |    11 |    13 |    19 |    19 ||    62
